[Event "Titled Tuesday Blitz July 13 2021"]
[White "Luo, Terry"]
[Black "Cunjalo, Faris"]
[WhiteFideId "30931045"]
[BlackFideId "14410710"]
[WhiteElo "2024"]
[BlackElo "2234"]
[Result "0-1"]
[Round "01"]
[TimeControl "180+1"]
[Date "2021.07.13"]
[WhiteClock "0:00:09"]
[BlackClock "0:00:22"]

1. d4 Nf6 2. c4 e6 3. g3 d5 4. Nf3 dxc4 5. Bg2 c6 6. O-O b5 7. a4 Bb7 8. Nc3 a6 9. Bg5 Nbd7 10. e4 Be7 11. e5 Nd5 12. Ne4 O-O 13. h4 c5 14. dxc5 h6 15. Bxe7 Qxe7 16. Nd6 Nxc5 17. axb5 axb5 18. Rxa8 Bxa8 19. Nxb5 Rb8 20. Nd6 Nb6 21. Qd4 Nb3 22. Qc3 Bd5 23. Nd4 Na4 24. Qe3 Bxg2 25. Kxg2 Qa7 26. Nc6 Qxe3 27. fxe3 Rf8 28. Nxc4 Nac5 29. Nd6 Nd2 30. Ne7+ Kh7 31. Rxf7 Rb8 32. h5 Rxb2 33. Kh3 Nde4 34. Ng6 Ng5+ 35. Kg4 Nxf7 36. Nxf7 Rb3 37. Kf3 Rb4 38. Nd6 Rb3 39. Kf4 Rb4+ 40. Kf3 Nd7 41. e4 Kg8 42. Kf4 Rb1 43. Ne7+ Kh7 44. Ng6 Rf1+ 45. Kg4 Rd1 46. Kf4 Kg8 47. Ne7+ Kh7 48. Ng6 Ra1 49. Kg4 Ra8 50. Kf4 Nf8 51. Nh4 g5+ 52. hxg6+ Nxg6+ 53. Nxg6 Kxg6 54. g4 Rf8+ 55. Kg3 Kg5 56. Nb7 Rf4 57. Nc5 Rxg4+ 58. Kf3 Rf4+ 59. Kg3 Rf1 60. Nxe6+ Kg6 61. Nf4+ Kf7 62. Kg4 Ke7 63. Nd5+ Ke6 64. Kh5 Kxe5 65. Kxh6 Kxe4 66. Ne7 Ke5 67. Ng6+ Kf6 68. Kh5 Rh1+ 69. Nh4 Rg1 70. Nf3 Rg8 71. Kh4 Kf5 72. Kh3 Kf4 73. Nh2 Ke3 74. Ng4+ Kf3 75. Nh2+ Kf4 76. Kh4 Rh8# 0-1


[Site "https://www.chess.com"]

[Event "Titled Tuesday Blitz July 13 2021"]
[White "Manukian, Artak"]
[Black "Mirzoev, Azer"]
[WhiteFideId "13301373"]
[BlackFideId "13400304"]
[WhiteElo "2367"]
[BlackElo "2525"]
[Result "1/2-1/2"]
[Round "01"]
[TimeControl "180+1"]
[Date "2021.07.13"]
[WhiteClock "0:00:11"]
[BlackClock "0:00:03"]

1. e4 c6 2. d4 d5 3. e5 Bf5 4. c4 e6 5. Nc3 Nd7 6. Nf3 Ne7 7. Nh4 Bg6 8. Bg5 Qb6 9. Qd2 Bh5 10. c5 Qc7 11. b4 Ng6 12. Nxg6 Bxg6 13. Be2 f6 14. exf6 gxf6 15. Be3 Bg7 16. O-O O-O 17. f4 f5 18. a4 Nf6 19. b5 Ne4 20. Nxe4 dxe4 21. Rfd1 Rad8 22. Qb4 Qf7 23. bxc6 bxc6 24. Rab1 Bh5 25. Bxh5 Qxh5 26. Rd2 Rd7 27. Qc4 Qf7 28. a5 Rfd8 29. a6 e5 30. Qxf7+ Kxf7 31. fxe5 Bxe5 32. Rb7 Rxb7 33. axb7 Bb8 34. d5 cxd5 35. c6 Ke6 36. g3 Bc7 37. Bxa7 Kd6 38. Rb2 Kxc6 39. b8=Q Bxb8 40. Rxb8 Rxb8 41. Bxb8 d4 42. Kf2 Kd5 43. Ke2 Kc4 44. Kd2 h5 45. Be5 Kd5 46. Bf6 Kc4 47. Bg7 Kd5 48. Kc2 Kc4 49. Bf6 e3 50. Bg5 d3+ 51. Kd1 Kd4 52. Bh6 Ke4 53. Bf8 Kf3 54. Bb4 Kf2 55. Bc5 Kf3 56. Bb4 Kf2 57. Bc5 Kf3 58. Bb4 1/2-1/2


[Site "https://www.chess.com"]

[Event "Titled Tuesday Blitz July 13 2021"]
[White "Matveev, Vladimir"]
[Black "Tomiello, Mateus Costamilan"]
[WhiteFideId "24130753"]
[BlackFideId "22701958"]
[WhiteElo "2354"]
[BlackElo "1995"]
[Result "1-0"]
[Round "01"]
[TimeControl "180+1"]
[Date "2021.07.13"]
[WhiteClock "0:01:05"]
[BlackClock "0:00:02"]

1. d4 d5 2. c4 e6 3. Nf3 Nf6 4. Nc3 c6 5. Qb3 Be7 6. Bg5 O-O 7. e3 dxc4 8. Bxc4 b5 9. Be2 Bb7 10. O-O a6 11. a4 b4 12. Bxf6 gxf6 13. Ne4 Nd7 14. Rfc1 f5 15. Nc5 Nxc5 16. dxc5 a5 17. Nd4 Bf6 18. Rd1 Qe7 19. Rac1 Rfd8 20. Bf3 Rac8 21. Qc4 Kh8 22. b3 Qc7 23. g3 Rd7 24. Rc2 Rcd8 25. Rcd2 e5 26. Qc2 exd4 27. exd4 Rxd4 28. Rxd4 Rxd4 29. Qxf5 Rxd1+ 30. Bxd1 Qe7 31. Bc2 Kg8 32. Qxh7+ Kf8 33. Qf5 Qe6 34. Qf4 Be5 35. Qh4 Qe7 36. Qh6+ Bg7 37. Qf4 Bc8 38. Qb8 Qd7 39. h4 Ke8 40. Qf4 Qe7 41. Qb8 Kd8 42. Qf4 Be5 43. Qe3 Bg4 44. Qe4 Bd7 45. h5 Qf6 46. Bd1 Bd4 47. Bf3 Bf5 48. Qxc6 Qxc6 49. Bxc6 Bxc5 50. Kg2 Bc2 51. Bd5 Ke7 52. f4 Kf6 53. Kf3 Bd1+ 54. Ke4 Bxh5 55. Kd3 Bg6+ 56. Kc4 Be7 57. g4 Bc2 58. Kb5 Bd8 59. Kc6 Ke7 60. Kb5 Kd6 61. Bxf7 Bc7 62. Bc4 Bd8 63. f5 Ke5 64. Kc6 Be4+ 65. Kd7 Bg5 66. Kc7 Be3 67. Kd7 Kd4 68. Ke6 Bg5 69. f6 Bg6 70. f7 Bh6 71. Kf6 Bh7 72. g5 Bf8 73. g6 Bxg6 74. Kxg6 Kc5 75. Kf6 Kd6 76. Bf1 Kd7 77. Bh3+ Kd6 78. Be6 Kc5 79. Ke5 Be7 80. Bc4 Kb6 81. Ke6 Bf8 82. Kd7 1-0


[Site "https://www.chess.com"]

[Event "Titled Tuesday Blitz July 13 2021"]
[White "Miellier, Yan"]
[Black "Maksimovic, Bojan"]
[WhiteFideId "14128764"]
[BlackFideId "14408120"]
[WhiteElo "2048"]
[BlackElo "2439"]
[Result "0-1"]
[Round "01"]
[TimeControl "180+1"]
[Date "2021.07.13"]
[WhiteClock "0:00:06"]
[BlackClock "0:00:12"]

1. d4 Nf6 2. c4 a6 3. Nf3 c5 4. d5 g6 5. Nc3 b5 6. cxb5 axb5 7. Nxb5 Ba6 8. Nc3 Bg7 9. g3 d6 10. Bg2 Nfd7 11. O-O Nb6 12. Rb1 N8d7 13. a4 O-O 14. Re1 Nc4 15. Qc2 Rb8 16. b3 Qa5 17. Ne4 Nde5 18. Ned2 Nxf3+ 19. Nxf3 Qb4 20. Rd1 Na3 21. Bxa3 Qxa3 22. Nd2 Rb4 23. h4 h5 24. Bf3 Rfb8 25. Re1 Rd4 26. Kg2 Qb4 27. Red1 Qa3 28. Ne4 Rxd1 29. Qxd1 Qa2 30. Ng5 c4 31. b4 c3 32. Be4 Bc4 33. Qc2 Qxc2 34. Bxc2 Bxe2 35. b5 Ra8 36. Ne4 Bd4 37. b6 f5 38. Ng5 Rb8 39. a5 Ra8 40. b7 Rb8 41. a6 Bxa6 42. Ne6 Bf6 43. Nd8 Rxd8 44. b8=Q Rxb8 45. Rxb8+ Kg7 46. Rb6 Be2 47. Rb1 Bc4 48. Rb4 Bxd5+ 49. Kg1 Bf3 50. Rb1 Be2 51. Re1 Bc4 52. Rd1 Be5 53. Rc1 Kf6 54. Re1 Bd4 55. Rc1 e5 56. Rd1 Bb5 57. Kg2 Bc6+ 58. Kg1 g5 59. Ra1 gxh4 60. gxh4 e4 61. Ra6 Bb5 62. Rxd6+ Ke5 63. Rh6 Bd3 64. Ba4 c2 65. Bxc2 Bxc2 66. Rxh5 Bd1 67. Rh8 Kf4 68. Rf8 Bh5 69. Rh8 Bg4 70. Rf8 Kf3 71. h5 Bxf2+ 72. Kh1 Kg3 73. Rg8 e3 74. h6 e2 75. Rxg4+ fxg4 76. h7 e1=R# 0-1


[Site "https://www.chess.com"]

[Event "Titled Tuesday Blitz July 13 2021"]
[White "Mitrabha, Guha"]
[Black "Baradaran, Arman"]
[WhiteFideId "5057000"]
[BlackFideId "880515"]
[WhiteElo "2334"]
[BlackElo "2132"]
[Result "0-1"]
[Round "01"]
[TimeControl "180+1"]
[Date "2021.07.13"]
[WhiteClock "0:01:42"]
[BlackClock "0:00:16"]

1. Nf3 d5 2. c4 c6 3. e3 Nf6 4. b3 e6 5. Bb2 Nbd7 6. Nc3 b6 7. Qc2 Bb7 8. Be2 Bd6 9. g4 c5 10. g5 Ne4 11. Rg1 Nxc3 12. Bxc3 d4 13. exd4 cxd4 14. Nxd4 Bxh2 15. Rg4 Ne5 16. Rh4 Qxg5 17. Rxh7 Qg1+ 18. Bf1 Rxh7 19. Qxh7 O-O-O 20. O-O-O Qxf2 21. Qxg7 Rxd4 22. Bxd4 Qxd4 23. Qh8+ Kd7 24. Qxh2 Qa1+ 25. Kc2 Be4+ 26. d3 Qxa2+ 27. Kc3 Qxh2 28. dxe4+ Kc7 0-1


[Site "https://www.chess.com"]

[Event "Titled Tuesday Blitz July 13 2021"]
[White "Moon_stone123"]
[Black "Lazavik, Denis"]
[BlackFideId "13515110"]
[WhiteElo "2422"]
[BlackElo "2436"]
[Result "0-1"]
[Round "01"]
[TimeControl "180+1"]
[Date "2021.07.13"]
[WhiteClock "0:00:07"]
[BlackClock "0:00:10"]

1. Nf3 d5 2. g3 c6 3. Bg2 Bf5 4. c4 dxc4 5. O-O Nf6 6. Na3 e5 7. Nxc4 e4 8. Nfe5 Nbd7 9. Nxd7 Qxd7 10. b3 h5 11. h4 Bh3 12. Bb2 Bxg2 13. Kxg2 Be7 14. Ne5 Qf5 15. d3 O-O-O 16. Qc2 exd3 17. exd3 Nd5 18. Rac1 Kb8 19. d4 Qxc2 20. Rxc2 Rhf8 21. Re1 Bb4 22. Ree2 f6 23. Nd3 Bd6 24. Rc1 Rfe8 25. Rce1 Rxe2 26. Rxe2 Kc7 27. Kf3 b6 28. Rc2 Kd7 29. a4 Re8 30. Bc1 Re6 31. Be3 Be7 32. Nf4 Nxf4 33. Bxf4 Re1 34. d5 c5 35. d6 Bxd6 36. Bxd6 Kxd6 37. a5 Rb1 38. axb6 axb6 39. Rc3 b5 40. Ke4 g6 41. f3 b4 42. Rd3+ Ke6 43. g4 Re1+ 44. Kf4 Rc1 45. g5 f5 46. Re3+ Kf7 47. Re5 Rc3 48. Kg3 Rc1 49. Rd5 Ke6 50. Rd8 Rc3 51. Rc8 Kd7 52. Rg8 Rxb3 53. Rg7+ Kd6 54. Rxg6+ Ke7 55. Rf6 c4 56. Rxf5 c3 57. Rc5 Rb1 58. g6 Rg1+ 59. Kf4 Rxg6 60. Rxh5 Rc6 61. Re5+ Kd8 62. h5 c2 63. h6 c1=Q+ 64. Kf5 Qxh6 65. Re4 Qg6+ 66. Kf4 Rf6+ 67. Ke3 Re6 68. Rxe6 Qxe6+ 69. Kf2 b3 70. Kg3 b2 71. f4 b1=Q 72. Kh4 Qh1+ 73. Kg5 Qg2+ 74. Kh4 Qeh3# 0-1


[Site "https://www.chess.com"]

[Event "Titled Tuesday Blitz July 13 2021"]
[White "Moskalenko, Alexander"]
[Black "Turzo, Attila"]
[WhiteFideId "4155351"]
[BlackFideId "704954"]
[WhiteElo "2495"]
[BlackElo "2434"]
[Result "1-0"]
[Round "01"]
[TimeControl "180+1"]
[Date "2021.07.13"]
[WhiteClock "0:02:03"]
[BlackClock "0:00:58"]

1. g3 d5 2. Bg2 c6 3. d3 Nf6 4. Nd2 e5 5. e4 Bd6 6. Ngf3 O-O 7. O-O Bg4 8. h3 Bh5 9. Qe1 dxe4 10. Nxe4 Nxe4 11. dxe4 Nd7 12. Nh4 Qc7 13. Nf5 Rfe8 14. Nxd6 Qxd6 15. Be3 f6 16. Qa5 b6 17. Qa6 Qc7 18. h4 Bg4 19. a4 Nb8 20. Qc4+ Be6 21. Qc3 a5 22. Rfd1 c5 23. Bf1 Nc6 24. Bc4 Bxc4 25. Qxc4+ Qf7 26. Qb5 Qc7 27. c3 Red8 28. Rd5 Ne7 29. Rxd8+ Rxd8 30. b4 axb4 31. cxb4 Rc8 32. bxc5 bxc5 33. Qc4+ Kh8 34. a5 Ng6 35. a6 Nf8 36. a7 Qc6 37. Qxc5 Qa8 38. Qd5 Ng6 39. Qxa8 Rxa8 40. Rb1 Nf8 41. Rb8 1-0


[Site "https://www.chess.com"]

[Event "Titled Tuesday Blitz July 13 2021"]
[White "Nakamura, Hikaru"]
[Black "Manukyan, Sargis A."]
[WhiteFideId "2016192"]
[BlackFideId "13303970"]
[WhiteElo "2900"]
[BlackElo "2187"]
[Result "1-0"]
[Round "01"]
[TimeControl "180+1"]
[Date "2021.07.13"]
[WhiteClock "0:01:57"]
[BlackClock "0:00:13"]

1. e4 c5 2. Nf3 d6 3. d4 cxd4 4. Qxd4 Nc6 5. Bb5 Bd7 6. Bxc6 Bxc6 7. Nc3 Nf6 8. Bg5 e5 9. Qd3 Be7 10. Bxf6 Bxf6 11. O-O-O Be7 12. Nd2 Qc7 13. Nc4 O-O-O 14. Kb1 Rd7 15. Ne3 Bd8 16. Ncd5 Bxd5 17. Nxd5 Qc6 18. Qb3 b5 19. Rd3 Kb8 20. Rhd1 a5 21. c4 b4 22. f3 Rb7 23. Qc2 a4 24. Ne3 Bc7 25. Nf5 Rd8 26. c5 g6 27. Nxd6 Bxd6 28. Rxd6 Rxd6 29. Rxd6 Qb5 30. Rd8+ Ka7 31. c6 Rc7 32. Qf2+ Qb6 33. Ra8+ Kxa8 34. Qxb6 1-0


[Site "https://www.chess.com"]

[Event "Titled Tuesday Blitz July 13 2021"]
[White "Nasyrova, Ekaterina"]
[Black "Rodriguez Hernandez, Luis Daniel"]
[WhiteFideId "44157797"]
[BlackFideId "3506770"]
[WhiteElo "2115"]
[BlackElo "2133"]
[Result "1-0"]
[Round "01"]
[TimeControl "180+1"]
[Date "2021.07.13"]
[WhiteClock "0:00:14"]
[BlackClock "0:00:02"]

1. d4 Nf6 2. c4 g6 3. g3 Bg7 4. Bg2 d6 5. Nc3 O-O 6. Nf3 Nc6 7. O-O Bg4 8. d5 Na5 9. Nd2 c5 10. h3 Bd7 11. Qc2 a6 12. a4 Qc8 13. b3 Bxh3 14. Ba3 Bd7 15. Rfc1 Re8 16. Rab1 Rb8 17. Nd1 b5 18. cxb5 axb5 19. b4 cxb4 20. Bxb4 Qxc2 21. Rxc2 Nc4 22. axb5 Nxd2 23. Bxd2 Bf5 24. Rcc1 Bxb1 25. Rxb1 Nd7 26. Ne3 Nb6 27. Ba5 Rec8 28. Be4 Bc3 29. Bxb6 Rxb6 30. Bd3 Rcb8 31. Rb3 Bd4 32. Nc2 Bc5 33. Kf1 h5 34. e3 g5 35. Ke2 Ra8 36. Bf5 Kg7 37. Bd7 Ra2 38. Kd3 h4 39. gxh4 gxh4 40. Rb1 Kf6 41. f3 e6 42. dxe6 fxe6 43. Rh1 Ra4 44. f4 e5 45. Rxh4 e4+ 46. Kd2 Ra2 47. Rh6+ Kg7 48. Re6 d5 49. Bc6 Bb4+ 50. Kc1 Bc3 51. Kd1 Rb2 52. Re7+ Kf6 53. Rd7 Ke6 54. Rxd5 Rxc6 55. bxc6 Rb1+ 56. Ke2 1-0


[Site "https://www.chess.com"]

[Event "Titled Tuesday Blitz July 13 2021"]
[White "Nguyen Hong Nhung"]
[Black "Quizon, Daniel"]
[WhiteFideId "12412201"]
[BlackFideId "5217911"]
[WhiteElo "1661"]
[BlackElo "2329"]
[Result "0-1"]
[Round "01"]
[TimeControl "180+1"]
[Date "2021.07.13"]
[WhiteClock "0:00:31"]
[BlackClock "0:01:24"]

1. e4 c5 2. Nc3 Nc6 3. Bb5 Nd4 4. Bc4 g6 5. Nf3 Bg7 6. Nxd4 cxd4 7. Qf3 e6 8. Nb5 d6 9. Qa3 Bf8 10. Nxd4 d5 11. Bb5+ Bd7 12. Qc3 Bg7 13. Bxd7+ Qxd7 14. Qe3 dxe4 15. Nb3 Nf6 16. O-O O-O 17. Rd1 Qc7 18. Qc3 Qb8 19. Qg3 Qc8 20. c3 Rd8 21. d4 exd3 22. Rxd3 Qc4 23. Rxd8+ Rxd8 24. Bg5 Ne4 25. Qh4 Rd5 26. Bh6 Qe2 27. Bxg7 Rd1+ 28. Rxd1 Qxd1# 0-1


[Site "https://www.chess.com"]

[Event "Titled Tuesday Blitz July 13 2021"]
[White "Nguyen, Ngoc Truong Son"]
[Black "Estrada Nieto, Julian"]
[WhiteFideId "12401110"]
[BlackFideId "5101018"]
[WhiteElo "2596"]
[BlackElo "2270"]
[Result "1-0"]
[Round "01"]
[TimeControl "180+1"]
[Date "2021.07.13"]
[WhiteClock "0:00:16"]
[BlackClock "0:00:02"]

1. e4 e5 2. Nf3 Nc6 3. Bc4 Bc5 4. c3 d6 5. d4 exd4 6. cxd4 Bb6 7. Qb3 Qd7 8. Be3 Na5 9. Qc2 Nxc4 10. Qxc4 Nf6 11. Nc3 Nxe4 12. Nxe4 d5 13. Qc2 dxe4 14. Qxe4+ Qe6 15. Qc2 O-O 16. O-O Qf5 17. Qc3 Be6 18. Ne5 Bd5 19. Rfe1 Rfe8 20. f3 f6 21. Nd3 Re7 22. Bf2 Rae8 23. a4 a5 24. Nc5 h5 25. h4 Re2 26. Rxe2 Rxe2 27. Re1 Rxe1+ 28. Qxe1 Kf7 29. Ne4 Qe6 30. Qb1 Qc6 31. Nc3 1-0


[Site "https://www.chess.com"]

[Event "Titled Tuesday Blitz July 13 2021"]
[White "Nilssen, Ellen Fredericia"]
[Black "Solon, Nathan"]
[WhiteFideId "1441230"]
[BlackFideId "2017229"]
[WhiteElo "2105"]
[BlackElo "2640"]
[Result "0-1"]
[Round "01"]
[TimeControl "180+1"]
[Date "2021.07.13"]
[WhiteClock "0:00:08"]
[BlackClock "0:00:39"]

1. e4 c5 2. Nf3 d6 3. d4 cxd4 4. Nxd4 Nf6 5. Nc3 a6 6. Be3 e5 7. Nb3 Be7 8. f3 Be6 9. Qd2 h5 10. O-O-O Nbd7 11. Kb1 Rc8 12. Bd3 b5 13. h3 h4 14. f4 Qc7 15. Rhe1 Nb6 16. Bxb6 Qxb6 17. Ne2 O-O 18. Qa5 Qb7 19. Ng1 exf4 20. Nf3 Nd7 21. Qd2 g5 22. e5 Nxe5 23. Nxe5 dxe5 24. Rxe5 Bf6 25. Ree1 Rfd8 26. Qe2 Kg7 27. Be4 Qb6 28. Qh5 Rh8 29. Qe2 a5 30. Nc1 a4 31. a3 b4 32. Bd5 bxa3 33. b3 axb3 34. Nxb3 a2+ 35. Kxa2 Ra8+ 36. Kb1 Ra1# 0-1


[Site "https://www.chess.com"]

[Event "Titled Tuesday Blitz July 13 2021"]
[White "Ogloblin, Nikolay"]
[Black "Maly, Alexey"]
[WhiteFideId "4139658"]
[BlackFideId "14103184"]
[WhiteElo "2244"]
[BlackElo "2285"]
[Result "0-1"]
[Round "01"]
[TimeControl "180+1"]
[Date "2021.07.13"]
[WhiteClock "0:00:23"]
[BlackClock "0:00:05"]

1. d4 d5 2. Nf3 Nf6 3. c4 dxc4 4. e3 e6 5. Bxc4 a6 6. O-O b5 7. Be2 Bb7 8. a4 b4 9. b3 Nbd7 10. Bb2 c5 11. dxc5 Bxc5 12. Nbd2 O-O 13. Nc4 Qc7 14. a5 Rfd8 15. Qc1 Rac8 16. Rd1 Ng4 17. Nb6 Nxb6 18. axb6 Qxb6 19. Rxd8+ Rxd8 20. Qb1 Bxe3 21. Nd4 Bxf2+ 22. Kh1 Rxd4 23. Bxd4 Qxd4 24. Bxg4 Qxg4 25. Qf1 Qh4 26. Rd1 Bg3 27. Qg1 h6 28. Rd4 Qh5 29. Rxb4 Bd5 30. Ra4 Be5 31. Rxa6 Bxb3 32. Ra5 Bd5 33. Rc5 Kh7 34. Qb1+ f5 35. Qg1 Qe2 36. Rc1 Bd4 37. Qf1 Qxf1+ 38. Rxf1 g5 39. h3 Kg6 40. Kh2 h5 41. Rd1 e5 42. g3 g4 43. h4 Kf6 44. Rb1 Bf3 45. Rb6+ Kf7 46. Rh6 Bd1 47. Rxh5 Kf6 48. Rh6+ Kg7 49. Rh5 Kg6 50. Rg5+ Kf6 51. Rg8 f4 52. h5 f3 53. h6 Bc2 54. Rc8 Bg6 55. Rf8+ Kg5 56. Rh8 e4 57. Rd8 Bf6 58. Rd5+ Kxh6 59. Rd6 Bg5 60. Re6 e3 61. Kg1 e2 62. Kf2 Kh5 63. Re5 Kh6 64. Re6 Kh5 65. Re5 Bc2 66. Ke1 Bd1 67. Re8 Kg6 68. Re4 Kf5 69. Re8 Bf6 70. Kf2 Bd4+ 71. Ke1 f2+ 72. Kd2 f1=Q 73. Rf8+ Bf6 74. Ke3 e1=Q# 0-1


[Site "https://www.chess.com"]

[Event "Titled Tuesday Blitz July 13 2021"]
[White "Omariev, Maksim"]
[Black "Arabidze, Meri"]
[WhiteFideId "4193423"]
[BlackFideId "13604040"]
[WhiteElo "2379"]
[BlackElo "2432"]
[Result "0-1"]
[Round "01"]
[TimeControl "180+1"]
[Date "2021.07.13"]
[WhiteClock "0:00:01"]
[BlackClock "0:00:29"]

1. g4 d5 2. Bg2 c6 3. g5 e5 4. d4 e4 5. c4 Be6 6. Nc3 Ne7 7. Qb3 Qb6 8. c5 Qc7 9. Bf4 Qd7 10. f3 Nf5 11. O-O-O e3 12. Bh3 Be7 13. Bxf5 Bxf5 14. Bxe3 O-O 15. h4 b6 16. Bf2 Na6 17. e4 dxe4 18. fxe4 Bg4 19. Nge2 bxc5 20. dxc5 Qc7 21. Qa3 Qb7 22. Rd2 Rab8 23. Ng3 Rfd8 24. Rxd8+ Rxd8 25. Nf5 Bf8 26. h5 Qd7 27. Be3 Qd3 28. Re1 Bxh5 29. Nd6 Rb8 30. Bd2 Nb4 31. Bf4 Qc2# 0-1


[Site "https://www.chess.com"]

[Event "Titled Tuesday Blitz July 13 2021"]
[White "Pacheco Lugo, Alejandro Jose"]
[Black "Srihari L R"]
[WhiteFideId "3903745"]
[BlackFideId "46617116"]
[WhiteElo "2125"]
[BlackElo "2121"]
[Result "0-1"]
[Round "01"]
[TimeControl "180+1"]
[Date "2021.07.13"]
[WhiteClock "0:00:12"]
[BlackClock "0:00:03"]

1. e4 c5 2. Nf3 e6 3. d4 cxd4 4. Nxd4 a6 5. c4 Nf6 6. Nc3 Qc7 7. a3 b6 8. Be2 Bb7 9. f3 Bc5 10. Be3 O-O 11. b4 Be7 12. Qd2 d6 13. Rc1 Nbd7 14. O-O Rac8 15. Rc2 Rfe8 16. Rb1 Qb8 17. Qc1 Ne5 18. Na4 Bd8 19. Kh1 Bc7 20. Bg1 Ng6 21. c5 b5 22. Nb2 dxc5 23. bxc5 Bf4 24. Qf1 Ne5 25. a4 bxa4 26. Nxa4 Qc7 27. Rcb2 Rb8 28. Bxa6 Bxa6 29. Qxa6 Ra8 30. Qb5 Ra5 31. Qb6 Nd3 32. Qxc7 Bxc7 33. Rb3 Nxc5 34. Nxc5 Rxc5 35. Nxe6 Rc2 36. Nxc7 Rxc7 37. Rb8 Rcc8 38. Rxc8 Rxc8 39. Rb2 Nd7 40. Be3 f6 41. Kg1 Ne5 42. Rd2 Kf7 43. Kf2 Ke6 44. Bd4 Nc6 45. Bb2 Na5 46. Bd4 Nb3 47. Rd3 Rc2+ 48. Kg3 Nc1 49. Rd1 Ne2+ 50. Kh3 Nf4+ 51. Kg4 g5 52. Rg1 h5+ 53. Kg3 Ne2+ 54. Kh3 Nxd4 55. Ra1 Ne2 56. g3 Kf7 57. Ra5 Kg6 58. Ra6 Ng1# 0-1


[Site "https://www.chess.com"]

[Event "Titled Tuesday Blitz July 13 2021"]
[White "Pajeken, Jakob Leon"]
[Black "Starozhilov, Leonid"]
[WhiteFideId "12942839"]
[BlackFideId "14106752"]
[WhiteElo "2231"]
[BlackElo "2414"]
[Result "0-1"]
[Round "01"]
[TimeControl "180+1"]
[Date "2021.07.13"]
[WhiteClock "0:00:12"]
[BlackClock "0:00:09"]

1. d4 g6 2. Nf3 Bg7 3. g3 d6 4. Bg2 Nf6 5. O-O O-O 6. b3 c6 7. Bb2 Bf5 8. Nbd2 Ne4 9. Nh4 Nxd2 10. Qxd2 Bd7 11. e4 Na6 12. c4 c5 13. Rad1 cxd4 14. Bxd4 Bxd4 15. Qxd4 Qb6 16. Qa1 Bc6 17. Nf3 Bxe4 18. Rfe1 Nc5 19. h4 Bxf3 20. Bxf3 e5 21. Bd5 a5 22. Rb1 Rae8 23. h5 Kg7 24. Qc3 Qb4 25. Qe3 h6 26. hxg6 fxg6 27. Kg2 Rf6 28. Rh1 h5 29. g4 Ref8 30. gxh5 Rxf2+ 31. Kg3 Qd2 32. Qxd2 Rxd2 33. Rbf1 Rxf1 34. Rxf1 gxh5 35. Kh4 Kg6 36. Rg1+ Kh6 37. a3 Rd4+ 38. Kh3 Nxb3 39. Rb1 Nc5 40. Rb6 Kg5 41. Rxd6 Rd3+ 42. Kg2 Rxa3 43. Rd8 Ra2+ 44. Kh3 Nd3 45. Bxb7 Nf4+ 46. Kg3 Ra3+ 47. Kf2 Rc3 48. Rg8+ Kh4 49. Ba6 a4 50. Bb5 a3 51. Ra8 Kg4 52. Bd7+ Kg5 53. c5 Rxc5 54. Rxa3 e4 55. Bc8 Re5 56. Ba6 h4 57. Bf1 Nd5 58. Bg2 Kf4 59. Ra4 Ne3 60. Bh1 Ng4+ 61. Kg1 h3 62. Kf1 Kf5 63. Ke2 Nf6 64. Kf2 Rb5 65. Kg3 Rb3+ 66. Kh4 h2 67. Ra2 Ke5 68. Rxh2 Nd5 69. Re2 Nc3 70. Re3 Kd4 71. Rg3 e3 72. Bf3 Rb6 73. Kg4 Ne4 74. Rg1 Rg6+ 75. Kf4 Rxg1 76. Bxe4 e2 77. Bg2 e1=Q 78. Bf1 Qe3+ 79. Kf5 Rg5+ 80. Kf6 Qe5+ 81. Kf7 Rg7+ 82. Kf8 Qe7# 0-1


[Site "https://www.chess.com"]

[Event "Titled Tuesday Blitz July 13 2021"]
[White "Pein, Jonathan"]
[Black "Mikaelyan, Arman"]
[WhiteFideId "417092"]
[BlackFideId "13304852"]
[WhiteElo "2167"]
[BlackElo "2461"]
[Result "0-1"]
[Round "01"]
[TimeControl "180+1"]
[Date "2021.07.13"]
[WhiteClock "0:00:08"]
[BlackClock "0:01:28"]

1. b3 c5 2. Bb2 Nc6 3. e4 e6 4. Nf3 Nf6 5. e5 Nd5 6. c4 Nf4 7. g3 Ng6 8. h4 d6 9. exd6 Qxd6 10. h5 Nge5 11. Nxe5 Nxe5 12. Qe2 Qc6 13. Qxe5 Qxh1 14. Nc3 Qf3 15. Nd5 f6 16. Nc7+ Kd7 17. Qxe6+ Kxc7 18. Qf7+ Bd7 19. Be5+ Bd6 20. Bxd6+ Kxd6 21. Be2 Qh1+ 22. Bf1 Rae8+ 0-1


[Site "https://www.chess.com"]

[Event "Titled Tuesday Blitz July 13 2021"]
[White "Pesotskiy, Mikhail"]
[Black "Klimkowski, Jan"]
[WhiteFideId "34164453"]
[BlackFideId "21856222"]
[WhiteElo "2052"]
[BlackElo "1903"]
[Result "0-1"]
[Round "01"]
[TimeControl "180+1"]
[Date "2021.07.13"]
[WhiteClock "0:00:40"]
[BlackClock "0:01:03"]

1. d4 Nf6 2. c4 e6 3. Nc3 Bb4 4. Qc2 d5 5. a3 Bxc3+ 6. Qxc3 c5 7. dxc5 d4 8. Qc2 e5 9. b4 O-O 10. e3 a5 11. Bb2 Nc6 12. b5 Ne7 13. Nf3 dxe3 14. fxe3 Nf5 15. Nxe5 Nxe3 16. Qd2 Qxd2+ 17. Kxd2 Nxf1+ 18. Rhxf1 Ne4+ 19. Ke3 Nxc5 20. Rad1 Be6 21. Bd4 Nb3 22. Rb1 a4 23. c5 f6 24. Nf3 Bc4 25. Rfe1 Bxb5 26. Kf2 Bc6 27. Be3 Rad8 28. Rbd1 Bxf3 29. Kxf3 Kf7 30. Bf2 Rfe8 31. Rxe8 Kxe8 32. Re1+ Kf7 33. Re4 Nd2+ 0-1


[Site "https://www.chess.com"]

[Event "Titled Tuesday Blitz July 13 2021"]
[White "Petriashvili, Nikoloz"]
[Black "Shafigullina, Zarina"]
[WhiteFideId "13611216"]
[BlackFideId "24174220"]
[WhiteElo "2430"]
[BlackElo "2087"]
[Result "0-1"]
[Round "01"]
[TimeControl "180+1"]
[Date "2021.07.13"]
[WhiteClock "0:00:42"]
[BlackClock "0:00:18"]

1. d4 Nf6 2. c4 e6 3. Nf3 b6 4. Nc3 Bb7 5. Bg5 Be7 6. e3 h6 7. Bh4 O-O 8. Rc1 d5 9. Bg3 c5 10. dxc5 Bxc5 11. Be2 Nbd7 12. O-O Rc8 13. a3 Nh5 14. cxd5 Nxg3 15. hxg3 exd5 16. Nxd5 Nf6 17. Nxf6+ Qxf6 18. b4 Be7 19. Qb3 h5 20. Nd4 h4 21. gxh4 Qxh4 22. Bf3 Bd6 23. Rfd1 Qh2+ 24. Kf1 Rxc1 25. Rxc1 Qh1+ 26. Ke2 Bxf3+ 27. Kxf3 Qxc1 28. Qd5 Be7 29. Nf5 Bf6 30. Qb7 Qc8 31. Qe4 Qa8 32. Nd6 Qxe4+ 33. Kxe4 Bb2 34. Nc4 Bc1 35. a4 Rc8 36. Ne5 Ba3 37. Nc4 Rxc4+ 0-1


[Site "https://www.chess.com"]

[Event "Titled Tuesday Blitz July 13 2021"]
[White "Podinic, Bojan"]
[Black "Le, Tuan Minh"]
[WhiteFideId "931160"]
[BlackFideId "12401153"]
[WhiteElo "2256"]
[BlackElo "2450"]
[Result "0-1"]
[Round "01"]
[TimeControl "180+1"]
[Date "2021.07.13"]
[WhiteClock "0:00:17"]
[BlackClock "0:01:08"]

1. e4 c5 2. Nf3 Nf6 3. e5 Nd5 4. Nc3 e6 5. Nxd5 exd5 6. d4 Nc6 7. c3 d6 8. exd6 Bxd6 9. dxc5 Bxc5 10. Bd3 O-O 11. O-O Bg4 12. h3 Bh5 13. Bf4 Re8 14. g4 Bg6 15. Bxg6 hxg6 16. Qd3 Qf6 17. Bg5 Qd6 18. Kg2 f6 19. Bh4 g5 20. Bg3 Qd7 21. Rad1 Rad8 22. Rfe1 Bb6 23. Rxe8+ Qxe8 24. Re1 Qf7 25. h4 gxh4 26. Nxh4 d4 27. Nf5 dxc3 28. Qxc3 Ba5 29. Ne7+ Kf8 30. Qc5 Bb4 31. Ng6+ Kg8 32. Ne7+ Qxe7 33. Rxe7 Bxc5 34. Rxb7 Bb6 35. a3 Re8 36. Rd7 Re7 37. Rd5 Re2 38. b4 Ra2 39. Rd3 Kf7 40. Rc3 Ne7 41. Bc7 Nd5 0-1


[Site "https://www.chess.com"]

[Event "Titled Tuesday Blitz July 13 2021"]
[White "Pridorozhni, Aleksei"]
[Black "Borisova, Ekaterina"]
[WhiteFideId "4127870"]
[BlackFideId "34124184"]
[WhiteElo "2565"]
[BlackElo "2021"]
[Result "1-0"]
[Round "01"]
[TimeControl "180+1"]
[Date "2021.07.13"]
[WhiteClock "0:01:48"]
[BlackClock "0:01:45"]

1. e4 c5 2. Nc3 Nc6 3. Bb5 Nd4 4. Nf3 Nxb5 5. Nxb5 a6 6. Nc3 d6 7. d4 cxd4 8. Qxd4 e6 9. Bg5 Be7 10. Qxg7 Bf6 11. Qxh8 Bxh8 12. Bxd8 Kxd8 13. O-O-O Kc7 14. Ng5 Nh6 15. f3 b5 16. Nxh7 Bb7 17. Ng5 b4 18. Ne2 a5 19. Kb1 a4 20. Nd4 Be5 21. g3 Ra5 22. f4 Bf6 23. h4 Ng4 24. Rhe1 Bxg5 25. fxg5 a3 26. g6 fxg6 27. Nxe6+ Kd7 28. Nf4 g5 29. hxg5 Rxg5 30. Rd4 Rb5 31. Nd3 axb2 32. Rxb4 Rxb4 33. Nxb4 Nf2 34. e5 dxe5 35. Rxe5 Ne4 36. Rxe4 Bxe4 37. Kxb2 1-0


[Site "https://www.chess.com"]